Unix NetHack Version 5.0.0-0 post-release - last build May 10 2026 23:12:36 (d1fa5d53e341ca933230fdaa984d921c805b60aa,branch:main).

Game began 2026-05-09 14:54:36, ended 2026-05-11 12:57:28.

Drastanta, lawful male human Samurai

   ---
   |..
 ---..-----------
--.*............---         --
|.....^.-------...-----------. |         -----                           ..
--.......----.---..............|       ---*..|                      -- -...
 |......0.||....---..------- ..|       |.....----     ---------    -.--..0    -
 --......--|.........---      #        |.--.....-------.|.--..-----...........
  -----..| ---.........--------#-------|.|-----...............)........-
     --..------........*.).....)..%d%.--!------------..))...).........--
     |......| --.....*..------..----#.)[).>..--     |)...)............|
     --.....| --......--- --..---   -#-@o.....|     #-...............----
      -----.---[......|   |..-        |...|..-#    #-...................-
          |...........-----..|        --..|...-#   |..................|
          |.............--...--        ---|....|   |.................--
          --..................-           --...|   |.................|
           |...................|           |..--   |................--
           ---....---.........--           ----    ----.............-
             |....| |.......---                       |..............|
             ------ ---.--.--                         ---.-------.|.--
                      ------                            ---      ----
Drastanta the Ninja    St:15 Dx:17 Co:18 In:10 Wi:7 Ch:8  Lawful
Dlvl:5  $:195 HP:0(54) Pw:16(16) AC:4  Xp:6 T:4082  Burdened

Latest messages:
 You hit the hill orc!
 The hill orc hits!
 The hill orc thrusts his orcish dagger.
 The hill orc hits!
 You hit the hill orc.
 The hill orc hits!
 The hill orc thrusts his orcish dagger.
 The hill orc hits!
 The hill orc misses!
 You hit the hill orc.
 What do you want to wear? [*] <esc>
 Never mind.
 What do you want to wield? [- acd or ?*] a
 You are already wielding that!
 c - a +0 yumi (weapon in left hand).
 a - a +0 katana (alternate weapon; not wielded).
 The hill orc misses!
 The hill orc misses!
 a - a +0 katana (weapon in left hand).
 c - a +0 yumi (alternate weapon; not wielded).
 The hill orc hits!
 You kill the hill orc!
 You kill the hill orc!
 The hill orc misses!
 You hit the hill orc.
 The hill orc misses!
 You kill the hill orc!
 The hill orc picks up an orcish helm.
 You already found a monster.  Use 'm' prefix to force another search.
 You hit the hill orc.
 The hill orc misses!
 You kill the hill orc!
 Hachi eats a hill orc corpse.
 The hill orc wields a scimitar!
 You hear crashing rock.
 The hill orc picks up a fortune cookie.
 You hit the hill orc.
 You hit the hill orc!
 The hill orc swings her scimitar.
 The hill orc hits!
 You hit the hill orc.
 The hill orc swings her scimitar.
 The hill orc hits!
 Are you sure you want to pray? [yn] (n) y
 You begin praying to Amaterasu Omikami.
 The hill orc swings her scimitar.
 The hill orc hits!
 You die...
 Do you want your possessions identified? [ynq] (y) y
 Do you want to see your attributes? [ynq] (y) q

Inventory:
 Coins    ('$')
  $ - 195 gold pieces
 Weapons  (')')
  d - 29 +0 ya (in quiver)
  c - a +0 yumi (alternate weapon; not wielded)
  a - a +0 katana (weapon in left hand)
 Armor    ('[')
  e - an uncursed rustproof +0 splint mail (being worn)
 Comestibles  ('%')
  E - an uncursed slime mold
  B - 3 uncursed gunyoki
  N - an uncursed tripe ration
  F - an uncursed tin of sauteed garter snake meat
 Scrolls  ('?')
  D - a cursed scroll of confuse monster
  g - an uncursed scroll of destroy armor
  w - an uncursed scroll of earth
  G - an uncursed scroll of fire
  m - a blessed scroll of food detection
  h - 2 uncursed scrolls of identify
  s - 2 uncursed scrolls of light
  C - a cursed scroll of magic mapping
  o - 2 uncursed scrolls of remove curse
  r - an uncursed scroll of scare monster
  A - an uncursed scroll of stinking cloud
 Potions  ('!')
  x - an uncursed potion of fruit juice
  i - 2 uncursed potions of hallucination
  z - an uncursed potion of healing
  p - an uncursed potion of monster detection
  O - an uncursed potion of restore ability
  l - an uncursed potion of speed
  y - an uncursed potion of water
 Wands    ('/')
  I - a wand of striking (0:7)
 Tools    ('(')
  P - an uncursed sack containing 7 items
  f - an uncursed blindfold
  u - an uncursed leash
  n - an uncursed towel
 Gems/Stones  ('*')
  j - an uncursed worthless piece of violet glass

Contents of the sack:
  a +0 dwarvish mattock
  a +0 trident
  a +0 wakizashi
  an uncursed +0 dwarvish iron helm
  a cursed -1 pair of iron shoes
  an uncursed +0 pair of jumping boots
  a blessed +0 dwarvish cloak

Drastanta the Samurai's attributes:

Background:
 You were a Ninja, a level 6 male human Samurai.
 You were lawful, on a mission for Amaterasu Omikami
 who was opposed by Raijin (neutral) and Susanowo (chaotic).
 You were left-handed.
 You were in the Gnomish Mines, on level 5.
 You entered the dungeon 4082 turns ago.
 You had 408 experience points, 232 more were needed to attain level 7.

Basics:
 You had 0 out of 54 hit points.
 You had all 16 energy points (spell power).
 Your armor class was 4.
 Your wallet contained 195 zorkmids.
 Autopickup was off.

Final Characteristics:
 Your strength was 15 (limit:18/100).
 Your dexterity was 17 (limit:18).
 Your constitution was 18 (limit:18).
 Your intelligence was 10 (limit:18).
 Your wisdom was 7 (limit:18).
 Your charisma was 8 (limit:18).

Final Status:
 You weren't hungry.
 You were burdened; movement was slightly slowed.
 You were wielding a long sword.
 You were skilled in long sword.

Final Attributes:
 You were piously aligned.
 You were warded.
 You were fast.
 You are dead.

Miscellaneous:
 You didn't encounter any bones levels.
 Total elapsed playing time was 44 minutes and 58 seconds.

Major events:
 Turn
    1: Drastanta the lawful male human Samurai entered the dungeon
  827: attained the rank of Ronin (level 3)
 2561: entered Sokoban
 3786: entered the Gnomish Mines
 4044: attained the rank of Ninja (level 6)
 4082: killed by a hill orc, while praying

You didn't know any spells.

Skills:
 Fighting Skills
   martial arts      [Basic]
   two weapon combat [Unskilled]
   riding            [Unskilled]
 Weapon Skills
   dagger            [Unskilled]
   knife             [Unskilled]
   short sword       [Basic]
   broadsword        [Unskilled]
   long sword        [Skilled]
   two-handed sword  [Unskilled]
   saber             [Unskilled]
   flail             [Unskilled]
   quarterstaff      [Unskilled]
   polearms          [Unskilled]
   spear             [Unskilled]
   lance             [Unskilled]
   bow               [Basic]
   shuriken          [Unskilled]
 Spellcasting Skills
   attack spells     [Unskilled]
   divination spells [Unskilled]
   clerical spells   [Unskilled]

Voluntary challenges:
 Character rerolling was not enabled.
 You were illiterate.
 You never genocided any monsters.
 You never polymorphed an object.
 You used no wishes.
 You did not violate any of the special Sokoban rules.
Achievements:
 You entered a shop.
 You attained the rank of Ronin.
 You entered Sokoban.
 You entered the Gnomish Mines.
 You attained the rank of Ninja.

 The Dungeons of Doom: levels 1 to 7
    Level 1:
       Some fountains.
    Level 2:
       A general store, some fountains.
    Level 3:
       A fountain, a grave.
    Level 4:
       A potion shop, a fountain, a sink.
       Stairs down to The Gnomish Mines.
    Level 5:
       Many fountains.
       Oracle of Delphi.
    Level 6:
       Stairs up to Sokoban, level 5.
    Level 7:
       A sink.
 The Gnomish Mines:
    Level 5: <- You were here.
       Final resting place for
          you, killed by a hill orc, while praying.
 Sokoban:
    Level 5:
       Unsolved.


Vanquished creatures:
  a mountain nymph
  2 rock moles
  2 gnome leaders
  a guardian naga hatchling
  2 floating eyes
  2 kittens
  3 dwarves
  a homunculus
  a kobold shaman
 10 hill orcs
  a rabid rat
  7 orc zombies
  4 dwarf zombies
  a werejackal
  2 iguanas
  4 acid blobs
  4 coyotes
  a hobbit
  2 hobgoblins
  a red mold
 11 gnomes
  3 garter snakes
  4 gnome zombies
  a gecko
  6 jackals
  3 foxes
  a goblin
  2 grid bugs
  5 lichens
  9 kobold zombies
  3 newts
100 creatures vanquished.

No species were genocided or became extinct.

Game over:
                       ----------
                      /          \
                     /    REST    \
                    /      IN      \
                   /     PEACE      \
                  /                  \
                  |    Drastanta     |
                  |      195 Au      |
                  | killed by a hill |
                  |       orc        |
                  |                  |
                  |                  |
                  |       2026       |
                 *|     *  *  *      | *
        _________)/\\_//(\/(/\)/\//\/|_)_______

Sayonara Drastanta the Samurai...

You died in The Gnomish Mines on dungeon level 5 with 2108 points,
and 195 pieces of gold, after 4082 moves.
You were level 6 with a maximum of 54 hit points when you died.

